 Dungeon Crawl Stone Soup version 0.24.0-13-gcf9b319 (webtiles) character file.

Game seed: 4639351408568307694, levelgen mode: deterministic

98 Bronimir the Magician (level 4, -3/22 HPs)
             Began as a Tengu Wizard on Mar 5, 2020.
             Slain by an adder (4 damage)
             ... in a sewer.
             The game lasted 00:07:13 (2471 turns).

Bronimir the Magician (Tengu Wizard)                Turns: 2471, Time: 00:07:13

Health: -3/22      AC:  3    Str: 12    XL:     4   Next: 69%
Magic:  6/9        EV: 12    Int: 20    God:
Gold:   129        SH:  0    Dex: 12    Spells: 2/9 levels left

rFire    . . .     SeeInvis .   a - +1 short sword (drain)
rCold    . . .     Gourm    .   (no shield)
rNeg     . . .     Faith    .   i - +0 leather armour
rPois    .         Spirit   .   c - +0 hat
rElec    .         Reflect  .   (no cloak)
rCorr    .         Harm     .   (no gloves)
MR       .....                  (boots unavailable)
Stlth    +.........             (no amulet)
HPRegen  0.07/turn              l - ring of flight
MPRegen  0.11/turn              (no ring)

@: mighty, lethally poisoned (-3 -> -14), very slightly contaminated, very slow
A: beak, talons 3, frail 1, low mp 1, evolution 1
a: Evoke Flight


You were in a sewer.
You were not hungry.

You visited 1 branch of the dungeon, and saw 3 of its levels.
You also visited: Sewer.

You collected 129 gold pieces.

Inventory:

Hand Weapons
 a - a +1 short sword of draining (weapon)
 b - a +0 hunting sling
 o - a +0 flail
Missiles
 g - 93 stones
 h - 38 bolts
 k - 13 arrows
 t - 3 javelins (quivered)
Armour
 c - a +0 hat (worn)
 i - a +0 leather armour (worn)
 n - a +0 robe
Jewellery
 l - a ring of flight (left hand)
 p - an uncursed amulet of magic regeneration {unknown}
Wands
 r - a wand of flame (16)
Scrolls
 f - 6 scrolls of identify
 j - a scroll of enchant weapon
 w - a scroll of blinking {unknown}
 y - a scroll of fog {unknown}
Potions
 e - a potion of mutation
 q - a potion of agility {unknown}
 s - a potion of haste {unknown}
 u - a potion of invisibility {unknown}
 v - a potion of heal wounds {unknown}
 z - a potion of magic {unknown}
Comestibles
 d - 6 rations
 x - 8 chunks of flesh


   Skills:
 + Level 1.3 Fighting
 + Level 1.3 Short Blades
 + Level 1.3 Slings
 + Level 0.1(0.7) Throwing
 * Level 0.8 Armour
 + Level 2.6 Dodging
 - Level 2.0 Stealth
 + Level 0.3 Unarmed Combat
 + Level 3.3 Spellcasting
 * Level 2.1 Conjurations
 * Level 1.9 Summonings
 + Level 0.7 Translocations


You had 2 spell levels left.
You knew the following spells:

 Your Spells              Type           Power        Failure   Level  Hunger
a - Magic Dart            Conj           ##..         8%          1    None
b - Call Imp              Summ           ##......     12%         2    ##.....
c - Blink                 Tloc           N/A          21%         2    ##.....
d - Slow                  Hex            #.......     26%         2    ##.....

Your spell library contained the following spells:

 Spells                   Type           Power        Failure   Level  Hunger
 Conjure Flame            Conj/Fire      #.......     34%         3    ###....
 Mephitic Cloud           Conj/Pois/Air  #.......     36%         3    ###....


Dungeon Overview and Level Annotations

Branches:
Dungeon (3/15)              Sewer (1/1)

Altars:
Hepliaklqana


Innate Abilities, Weirdness & Mutations

You have a beak for a mouth.
You have claws for feet.
You are frail. (-10% HP)
Your magical capacity is low. (-10% MP)
You evolve.


Message History

Aiming: Magic Dart (safe; 9% risk of failure)
Press: ? - help, Shift-Dir - straight line, f/p - adder
Aim: an adder (almost dead)
You miscast Magic Dart.
You are very lightly contaminated with residual magic.
Nothing appears to happen.
* * * LOW HITPOINT WARNING * * *
You feel sick. The adder barely misses you. The adder bites you.
* * * LOW HITPOINT WARNING * * *
You are more poisoned.
The adder poisons you!
It was a potion of mutation.
You feel extremely strange.
You feel less energetic.
You feel frail.
You feel nature experimenting on you.
Don't worry, failures die fast.
* * * LOW HITPOINT WARNING * * *
You feel sick. The adder barely misses you.
It was a potion of might.
You feel very mighty all of a sudden. The adder bites you.
You die...

######## ##### ###
##≈.....###P..###..#
≈≈..PP...#≈≈.PP..≈.#
≈≈.PPP≈≈≈≈.≈≈P.#@###
≈.≈#S#..≈....≈.#S#
≈∩.#≈#.≈.≈.≈.≈≈#≈#
#≈#
≈∩.#≈#..≈≈######≈#
#≈#
.≈.#≈###≈≈≈≈≈≈≈#≈#
#≈# #P.#≈#
##.######≈# ## #≈#
≈..# #≈≈.≈≈.#≈##P
###≈# #.##
#≈.≈≈≈≈#!#P# #.#≈#


PP# #.≈...####.####≈#≈# You could see an adder.

Vanquished Creatures
  4 adders
  An ooze (D:2)
  A dart slug (D:2)
  A leopard gecko (D:2)
  An orc (D:3)
  4 ball pythons
  9 bats
  4 giant cockroaches
  2 goblins
  4 hobgoblins
  7 jackals
  8 frilled lizards
  4 kobolds
  5 rats
55 creatures vanquished.

Vanquished Creatures (collateral kills)
  A rat (D:3)
1 creature vanquished.

Grand Total: 56 creatures vanquished

Notes
Turn   | Place    | Note
-------+----------+-------------------------------------------
     0 | D:1      | Bronimir the Tengu Wizard began the quest for the Orb.
     0 | D:1      | Reached XP level 1. HP: 10/10 MP: 5/5
    94 | D:1      | Reached XP level 2. HP: 15/15 MP: 0/7
   163 | D:1      | Learned a level 2 spell: Call Imp
   166 | D:1      | Learned a level 2 spell: Blink
   169 | D:1      | Learned a level 2 spell: Slow
   553 | D:1      | You fall into a shaft and drop 1 floor!
   704 | D:2      | Reached skill level 1 in Slings
  1009 | D:2      | Reached XP level 3. HP: 11/19 MP: 8/8
  1296 | D:2      | Found a hazy altar of Hepliaklqana.
  1689 | D:3      | Reached skill level 1 in Fighting
  1689 | D:3      | Reached XP level 4. HP: 21/25 MP: 10/10
  2110 | D:3      | Found a glowing drain.
  2140 | Sewer    | Entered a sewer
  2263 | Sewer    | Reached skill level 1 in Short Blades
  2470 | Sewer    | Gained mutation: Your magical capacity is low. (-10% MP)
                  | [potion of mutation]
  2470 | Sewer    | Gained mutation: You are frail. (-10% HP) [potion of
                  | mutation]
  2470 | Sewer    | Gained mutation: You evolve. [potion of mutation]
  2470 | Sewer    | HP: 1/22 [poisoned by an adder]
  2471 | Sewer    | Slain by an adder

Levels and vault maps discovered:
D:1:      minmay_arrival_stone_box, layout_basic
D:2:      layout_basic, old_standard_altar, first_ration
D:3:      layout_loops_corners, nicolae_overflow_hidden_temple,
          portal_sewer_entry_b, minmay_misc_feat_plants, roderic_lattice_a,
          nrook_loot_triangle
Sewer:    sewer_co_scattered_pipes

Skill      XL: |  1  2  3  4 |
---------------+-------------+-----
Slings         | 1 |  1.3
Fighting       | 1 |  1.3
Conjurations   | 2 |  2.1
Short Blades   | 1 |  1.3
Throwing       | |  0.1
Armour         | |  0.8
Dodging        | |  2.6
Stealth        | |  2.0
Unarmed Combat | |  0.3
Spellcasting   | |  3.3
Summonings     | |  1.9
Translocations | |  0.7

Action                   |  1- 3 |  4- 6 || total
-------------------------+-------+-------++-------
Melee: Unarmed           |    31 |       ||    31
       Short sword       |    46 |    65 ||   111
       Kick              |    10 |     6 ||    16
       Peck              |     8 |     2 ||    10
 Fire: Hunting sling     |     8 |       ||     8
Throw: Javelin           |       |     6 ||     6
 Cast: Magic Dart        |    21 |    13 ||    34
       Call Imp          |       |     2 ||     2
  Use: Scroll            |     3 |       ||     3
       Potion            |       |     2 ||     2
 Stab: Sleeping          |     6 |       ||     6
  Eat: Chunk             |     2 |     3 ||     5
Armor: Robe              |     8 |       ||     8
       Leather armour    |    17 |    21 ||    38
Dodge: Dodged            |    68 |    57 ||   125
